Knights vs Staline
Created - 14 novembre 2013 at 19:01
Goals
|
| Knights |
1 |
3 |
1 |
5 |
| Staline |
2 |
3 |
3 |
8 |
|
Shots
|
| Knights |
12 |
12 |
11 |
35 |
| Staline |
10 |
14 |
7 |
31 |
|
1st period
1. Staline , Devin Setoguchi 12 (Robert Dome, Yan Stastny) at 0:10
2. Staline , Robert Dome 12 (Devin Setoguchi, Yan Stastny) at 1:14
3. Knights , Zack Hamill 3 (Sheldon Brookbank) at 15:53
Penalties :
Yan Stastny (StJ) for Interference (Minor) at 5:20, Marco Scandella (Lon) for Delaying the game (Minor) at 5:20, Marco Scandella (Lon) for Slashing (Minor) at 13:38, J.T. Wyman (StJ) for Tripping (Minor) at 17:22, Joe Colborne (Lon) for Slashing (Minor) at 17:22
2nd period
4. Staline , Yan Stastny 14 (Robert Dome, Greg Zanon) at 0:46
5. Knights , Kyle Greentree 6 (Nathan Gerbe, Eric Fehr) at 3:18 (PP)
6. Knights , Mats Zuccarello 9 (Chris Thorburn) at 3:55
7. Staline , Andrei Loktionov 6 (J.T. Wyman) at 7:51
8. Staline , Robert Dome 13 (Yan Stastny) at 12:01
9. Knights , Chris Thorburn 5 (Mats Zuccarello, Sheldon Brookbank) at 13:30
Penalties :
Theo Peckham (StJ) for Hooking (Minor) at 3:02, Sheldon Brookbank (Lon) for Holding (Minor) at 9:11, Peter Mueller (Lon) for Tripping (Minor) at 14:25
3rd period
10. Staline , Damien Brunner 5 (Yan Stastny) at 1:38 (PP)
11. Knights , Eric Fehr 6 (Nathan Gerbe) at 14:06
12. Staline , Devin Setoguchi 13 (Robert Dome, Yan Stastny) at 14:26
13. Staline , Zac Rinaldo 1 (Cam Janssen, T.J. Fast) at 16:44
Penalties :
Joe Colborne (Lon) for Hooking (Minor) at 1:24, Marco Scandella (Lon) for Holding (Minor) at 2:26, Sheldon Brookbank (Lon) for Tripping (Minor) at 3:16, Theo Peckham (StJ) for Tripping (Minor) at 8:05, Sheldon Brookbank (Lon) for Hooking (Minor) at 8:05, Marco Scandella (Lon) for Hooking (Minor) at 11:01
Goalie Stats
Dany Sabourin (Lon), 7 saves from 10 shots - (0,700), L, 0-3-0, 27:59 minutes
Jonas Gustavsson (Lon), 16 saves from 21 shots - (0,762), 32:01 minutes
Erik Ersberg (StJ), 30 saves from 35 shots - (0,857), W, 6-1-1, 60:00 minutes
Players Stats for Knights
Player Name G A P +/- PIM S H SB GA TA FO MP PP MP PK MP
------------------------------------------------------------------------------------
A.J. Jenks 0 0 0 1 0 0 1 0 0 0 0/0 8:41 0:00 0:00
Chris Thorburn 1 1 2 0 0 3 1 0 0 0 0/0 12:50 0:00 0:00
Cody Almond 0 0 0 -1 0 0 0 0 0 0 1/1 6:08 0:00 0:13
Colton Gillies 0 0 0 -1 0 1 0 0 0 0 0/0 5:36 0:00 0:00
Eric Fehr 1 1 2 -4 0 5 1 0 2 0 0/1 24:20 0:16 5:52
Garnet Exelby 0 0 0 0 0 1 0 0 0 0 0/0 23:05 0:16 5:24
Joe Colborne 0 0 0 -1 4 2 1 1 0 1 2/3 8:37 0:00 2:41
Kyle Greentree 1 0 1 -4 0 3 0 0 0 2 1/1 18:26 0:16 1:58
Marco Scandella 0 0 0 -1 8 2 1 0 0 0 0/0 19:51 0:00 0:10
Mats Zuccarello 1 1 2 1 0 4 2 0 0 0 1/1 17:59 0:00 2:54
Nathan Gerbe 0 2 2 -4 0 4 1 1 1 1 28/48 24:12 0:16 5:44
Nick Palmieri 0 0 0 1 0 2 1 0 0 0 0/0 8:41 0:00 0:00
Nikita Nikitin 0 0 0 0 0 3 0 0 0 0 0/0 11:35 0:00 1:30
Niklas Hjalmarsson 0 0 0 0 0 1 1 1 0 0 0/0 13:03 0:00 4:58
Peter Mueller 0 0 0 1 2 0 0 1 0 2 6/15 17:13 0:00 1:17
Sheldon Brookbank 0 2 2 -2 6 1 2 3 0 0 0/0 27:04 0:16 3:54
Zack Hamill 1 0 1 1 0 1 0 0 0 0 2/4 8:41 0:00 0:00
Zbynek Michalek 0 0 0 -2 0 2 2 2 0 2 0/0 25:43 0:00 6:11
Players Stats for Staline
Player Name G A P +/- PIM S H SB GA TA FO MP PP MP PK MP
------------------------------------------------------------------------------------
Andrei Loktionov 1 0 1 -1 0 1 4 2 3 0 7/15 17:59 4:23 0:00
Brandon Prust 0 0 0 0 0 0 2 1 0 0 0/1 10:12 0:39 0:00
Cam Janssen 0 1 1 0 0 0 1 0 0 0 0/0 7:08 0:31 0:00
Damien Brunner 1 0 1 0 0 3 1 0 0 0 1/2 16:11 6:02 0:00
David Ullstrom 0 0 0 0 0 0 0 0 0 0 0/0 6:51 0:10 0:00
Devin Setoguchi 2 1 3 4 0 4 4 0 1 1 0/1 21:33 4:23 0:00
Greg Zanon 0 1 1 3 0 2 2 1 0 1 0/0 26:24 6:06 0:16
J.T. Wyman 0 1 1 -1 2 1 0 1 1 0 0/1 12:50 0:00 0:00
Joffrey Lupul 0 0 0 -1 0 1 3 4 1 0 0/1 19:25 4:43 0:16
Luke Adam 0 0 0 0 0 0 1 0 0 0 2/4 10:32 0:00 0:16
Matt Generous 0 0 0 -1 0 0 3 2 0 0 0/0 21:05 4:53 0:00
Maxime Fortunus 0 0 0 -1 0 0 0 2 0 0 0/0 16:17 0:00 0:00
Robert Dome 2 3 5 4 0 6 1 0 1 0 2/5 21:00 6:03 0:00
T.J. Fast 0 1 1 1 0 0 3 0 0 0 0/0 21:14 4:53 0:00
Theo Peckham 0 0 0 1 4 0 0 1 0 1 0/0 12:57 0:00 0:00
Tyler Cuma 0 0 0 3 0 4 1 3 0 0 0/0 22:29 6:06 0:16
Yan Stastny 1 5 6 4 2 8 2 3 1 0 17/38 23:17 6:03 0:00
Zac Rinaldo 1 0 1 0 0 1 1 0 0 0 4/6 6:19 0:00 0:00
3 Stars
1 - Robert Dome (StJ)
2 - Yan Stastny (StJ)
3 - Devin Setoguchi (StJ)
Power Play
Knights - 1 on 1 Attempt(s) - 100,00%
Staline - 1 on 7 Attempt(s) - 14,29%
Penalty Kill
Knights - 6 on 7 Attempt(s) - 85,71%
- Score 0 goal in Penalty Kill
Staline - 0 on 1 Attempt(s) - 0,00%
- Score 0 goal in Penalty Kill
Official
Referees : Devorski Paul and Sutherland Kelly
Linesman : Tony Sericolo and Dan Schachte
Game Notes
Dany Sabourin enters game at 12:01 of 2nd period
Finance
Level 1 -- Attendance: 1619 (80,95%) -- Ticket Income 56 665 $
Level 2 -- Attendance: 787 (78,70%) -- Ticket Income 11 805 $
Total Attendance: 2406 (80,20%)
Total Ticket Income: 68 470 $
Other Income: 3 424 $
Total Income: 71 894 $
Knights
5 vs 5 Forward
Center Left Wing Right Wing Time % Phy DF OF
1 Nathan Gerbe Kyle Greentree Eric Fehr 40 1 2 2
2 Peter Mueller Mats Zuccarello Chris Thorburn 30 1 2 2
3 Zack Hamill A.J. Jenks Nick Palmieri 20 1 2 2
4 Joe Colborne Colton Gillies Cody Almond 10 1 2 2
5 vs 5 Defense
Defense Defense Time % Phy DF OF
1 Sheldon Brookbank Zbynek Michalek 40 1 2 2
2 Garnet Exelby Marco Scandella 30 1 2 2
3 Nikita Nikitin Marco Scandella 20 1 2 2
4 Sheldon Brookbank Niklas Hjalmarsson 10 1 2 2
PowerPlay Forward
Center Left Wing Right Wing Time % Phy DF OF
1 Nathan Gerbe Kyle Greentree Eric Fehr 60 0 0 5
2 Peter Mueller Chris Thorburn Mats Zuccarello 40 0 1 4
PowerPlay Defense
Defense Defense Time % Phy DF OF
1 Sheldon Brookbank Garnet Exelby 60 0 1 4
2 Niklas Hjalmarsson Nikita Nikitin 40 0 1 4
Penalty Kill 4 Players Forward
Center Wing Time % Phy DF OF
1 Nathan Gerbe Eric Fehr 60 1 2 2
2 Joe Colborne Mats Zuccarello 40 1 2 2
Penalty Kill 4 Players Defense
Defense Defense Time % Phy DF OF
1 Sheldon Brookbank Zbynek Michalek 60 0 5 0
2 Garnet Exelby Niklas Hjalmarsson 40 0 5 0
Penalty Kill - 3 Players Forward
Forward Time % Phy DF OF
1 Eric Fehr 60 0 4 1
2 Mats Zuccarello 40 0 4 1
Penalty Kill - 3 Players Defense
Defense Defense Time % Phy DF OF
1 Sheldon Brookbank Zbynek Michalek 60 0 5 0
2 Garnet Exelby Nikita Nikitin 40 0 5 0
4 vs 4 Forward
Center Wing Time % Phy DF OF
1 Nathan Gerbe Eric Fehr 60 1 2 2
2 Peter Mueller Mats Zuccarello 40 1 2 2
4 vs 4 Defense
Defense Defense Time % Phy DF OF
1 Sheldon Brookbank Garnet Exelby 60 1 3 1
2 Zbynek Michalek Niklas Hjalmarsson 40 1 3 1
Last Minutes Offensive
Center Left Wing Right Wing Defense Defense
Nathan Gerbe Mats Zuccarello Eric Fehr Sheldon Brookbank Garnet Exelby
Last Minutes Defensive
Center Left Wing Right Wing Defense Defense
Nathan Gerbe Kyle Greentree Eric Fehr Zbynek Michalek Sheldon Brookbank
Goaltenders
Starting : Jonas Gustavsson
Backup : Dany Sabourin
Extra Forwards
Normal : Eric Fehr, Nathan Gerbe, Mats Zuccarello - PP : Eric Fehr, Nathan Gerbe - PK : Eric Fehr
Extra Defensemen
Normal : Zbynek Michalek, Garnet Exelby, Sheldon Brookbank - PP : Zbynek Michalek - PK : Sheldon Brookbank, Garnet Exelby
Penalty Shots
Nathan Gerbe, Mats Zuccarello, Eric Fehr, Kyle Greentree, Peter Mueller
Staline
5 vs 5 Forward
Center Left Wing Right Wing Time % Phy DF OF
1 Yan Stastny Robert Dome Devin Setoguchi 40 1 2 2
2 Andrei Loktionov Joffrey Lupul J.T. Wyman 30 1 2 2
3 Luke Adam Brandon Prust Damien Brunner 20 1 2 2
4 Zac Rinaldo David Ullstrom Cam Janssen 10 1 2 2
5 vs 5 Defense
Defense Defense Time % Phy DF OF
1 Greg Zanon Tyler Cuma 35 1 2 2
2 Maxime Fortunus Matt Generous 30 1 2 2
3 Theo Peckham T.J. Fast 25 1 2 2
4 Theo Peckham T.J. Fast 10 1 2 2
PowerPlay Forward
Center Left Wing Right Wing Time % Phy DF OF
1 Yan Stastny Robert Dome Damien Brunner 60 1 2 2
2 Andrei Loktionov Joffrey Lupul Devin Setoguchi 40 1 2 2
PowerPlay Defense
Defense Defense Time % Phy DF OF
1 Greg Zanon Tyler Cuma 60 1 2 2
2 T.J. Fast Matt Generous 40 1 2 2
Penalty Kill 4 Players Forward
Center Wing Time % Phy DF OF
1 Luke Adam Joffrey Lupul 60 1 2 2
2 Yan Stastny Devin Setoguchi 40 1 2 2
Penalty Kill 4 Players Defense
Defense Defense Time % Phy DF OF
1 Theo Peckham Greg Zanon 60 1 2 2
2 Maxime Fortunus Matt Generous 40 1 2 2
Penalty Kill - 3 Players Forward
Forward Time % Phy DF OF
1 Yan Stastny 60 1 2 2
2 Andrei Loktionov 40 1 2 2
Penalty Kill - 3 Players Defense
Defense Defense Time % Phy DF OF
1 Theo Peckham Greg Zanon 60 1 2 2
2 Maxime Fortunus Matt Generous 40 1 2 2
4 vs 4 Forward
Center Wing Time % Phy DF OF
1 Yan Stastny Joffrey Lupul 60 1 2 2
2 Andrei Loktionov Devin Setoguchi 40 1 2 2
4 vs 4 Defense
Defense Defense Time % Phy DF OF
1 T.J. Fast Greg Zanon 60 1 2 2
2 Matt Generous Maxime Fortunus 40 1 2 2
Last Minutes Offensive
Center Left Wing Right Wing Defense Defense
Yan Stastny Robert Dome Devin Setoguchi Greg Zanon Tyler Cuma
Last Minutes Defensive
Center Left Wing Right Wing Defense Defense
Yan Stastny Robert Dome Joffrey Lupul Theo Peckham Greg Zanon
Goaltenders
Starting : Erik Ersberg
Backup : Tobias Stephan
Extra Forwards
Normal : J.T. Wyman, Damien Brunner, Luke Adam - PP : Brandon Prust, Damien Brunner - PK : Cam Janssen
Extra Defensemen
Normal : Maxime Fortunus, Tyler Cuma, Greg Zanon - PP : Matt Generous - PK : Tyler Cuma, T.J. Fast
Penalty Shots
Damien Brunner, Joffrey Lupul, Yan Stastny, Devin Setoguchi, Robert Dome
% Time on Ice - Knights
Lines # - Real PCT - Wanted PCT - Time Play
Normal Forward
1 - 38% - 40% - 16:04
2 - 29% - 30% - 12:27
3 - 20% - 20% - 8:41
4 - 13% - 10% - 5:36
Normal Defense
1 - 41% - 40% - 17:40
2 - 28% - 30% - 12:00
3 - 19% - 20% - 8:20
4 - 11% - 10% - 4:48
PP Forward
1 - 100% - 60% - 0:16
2 - 0% - 40% - 0:00
PP Defense
1 - 100% - 60% - 0:16
2 - 0% - 40% - 0:00
PK Forward
1 - 76% - 60% - 7:26
2 - 24% - 40% - 2:24
PK Defense
1 - 64% - 60% - 6:20
2 - 36% - 40% - 3:30
PK3 Forward
1 - 57% - 60% - 0:39
2 - 43% - 40% - 0:30
PK3 Defense
1 - 100% - 60% - 1:09
2 - 0% - 40% - 0:00
44 Forward
1 - 60% - 60% - 3:34
2 - 40% - 40% - 2:23
44 Defense
1 - 61% - 60% - 3:38
2 - 39% - 40% - 2:19
Last Minute Offensive - 0:00
Last Minute Defensive - 0:00
Total
Forward - 60:00
Defense - 60:00
|
% Time on Ice - Staline
Lines # - Real PCT - Wanted PCT - Time Play
Normal Forward
1 - 36% - 40% - 15:37
2 - 27% - 30% - 11:42
3 - 21% - 20% - 9:10
4 - 15% - 10% - 6:19
Normal Defense
1 - 38% - 35% - 16:25
2 - 32% - 30% - 13:52
3 - 25% - 25% - 10:44
4 - 4% - 10% - 1:47
PP Forward
1 - 57% - 60% - 6:13
2 - 43% - 40% - 4:46
PP Defense
1 - 56% - 60% - 6:06
2 - 44% - 40% - 4:53
PK Forward
1 - 100% - 60% - 0:16
2 - 0% - 40% - 0:00
PK Defense
1 - 100% - 60% - 0:16
2 - 0% - 40% - 0:00
PK3 Forward
1 - 0% - 60%
2 - 0% - 40%
PK3 Defense
1 - 0% - 60%
2 - 0% - 40%
44 Forward
1 - 68% - 60% - 4:03
2 - 32% - 40% - 1:54
44 Defense
1 - 61% - 60% - 3:37
2 - 39% - 40% - 2:20
Last Minute Offensive - 0:00
Last Minute Defensive - 0:00
Total
Forward - 60:00
Defense - 60:00
|
Play by Play
1st period
0:01 of 1st period - Yan Stastny wins face-off versus Nathan Gerbe in neutral zone.
0:04 of 1st period - Wrist shot by Devin Setoguchi.
0:04 of 1st period - Stopped by Jonas Gustavsson without a rebound.
0:05 of 1st period - Yan Stastny wins face-off versus Nathan Gerbe in Knights zone.
0:10 of 1st period - Slapshot by Devin Setoguchi.
0:10 of 1st period - Goal by Devin Setoguchi - Knights : 0 - Staline : 1.
0:11 of 1st period - Andrei Loktionov wins face-off versus Peter Mueller in neutral zone.
0:23 of 1st period - Slapshot by Mats Zuccarello.
0:23 of 1st period - Shot Misses the Net.
0:25 of 1st period - Snap shot by Chris Thorburn.
0:25 of 1st period - Stopped by Erik Ersberg with a rebound.
1:02 of 1st period - Off-side.
1:03 of 1st period - Yan Stastny wins face-off versus Nathan Gerbe in neutral zone.
1:12 of 1st period - Wrist shot by Devin Setoguchi.
1:12 of 1st period - Shot Blocked by Nathan Gerbe.
1:14 of 1st period - Snap shot by Robert Dome.
1:14 of 1st period - Goal by Robert Dome - Knights : 0 - Staline : 2.
1:15 of 1st period - Joe Colborne wins face-off versus Zac Rinaldo in neutral zone.
1:17 of 1st period - Off-side.
1:18 of 1st period - Cody Almond wins face-off versus Zac Rinaldo in neutral zone.
1:25 of 1st period - Slapshot by Nikita Nikitin.
1:25 of 1st period - Shot Misses the Net.
2:09 of 1st period - Wrist shot by Nathan Gerbe.
2:09 of 1st period - Stopped by Erik Ersberg with a rebound.
2:26 of 1st period - Icing by Kyle Greentree.
2:27 of 1st period - Luke Adam wins face-off versus Peter Mueller in Knights zone.
2:38 of 1st period - Snap shot by Mats Zuccarello.
2:38 of 1st period - Stopped by Erik Ersberg without a rebound.
2:39 of 1st period - Peter Mueller wins face-off versus Robert Dome in Staline zone.
2:40 of 1st period - Wrist shot by Chris Thorburn.
2:40 of 1st period - Shot Blocked by Yan Stastny.
2:53 of 1st period - Wrist shot by Devin Setoguchi.
2:53 of 1st period - Shot Blocked by Zbynek Michalek.
2:55 of 1st period - Wrist shot by Yan Stastny.
2:55 of 1st period - Stopped by Jonas Gustavsson with a rebound.
3:05 of 1st period - Theo Peckham is hit by Zbynek Michalek and loses puck.
3:34 of 1st period - Slapshot by Nick Palmieri.
3:34 of 1st period - Stopped by Erik Ersberg with a rebound.
4:18 of 1st period - Snap shot by Nathan Gerbe.
4:18 of 1st period - Shot Blocked by Theo Peckham.
4:20 of 1st period - Slapshot by Marco Scandella.
4:20 of 1st period - Shot Misses the Net.
4:32 of 1st period - Zack Hamill is hit by Joffrey Lupul and loses puck.
5:14 of 1st period - Eric Fehr is hit by Robert Dome and loses puck.
5:20 of 1st period - Minor Penalty to Yan Stastny for Interference.
5:20 of 1st period - Minor Penalty to Marco Scandella for Delaying the game.
5:21 of 1st period - Nathan Gerbe wins face-off versus J.T. Wyman in Knights zone.
5:34 of 1st period - Slapshot by Nathan Gerbe.
5:34 of 1st period - Shot Misses the Net.
6:13 of 1st period - Andrei Loktionov is hit by Sheldon Brookbank.
6:46 of 1st period - Greg Zanon is hit by Niklas Hjalmarsson and loses puck.
7:20 of 1st period - Penalty to Yan Stastny is over, Yan Stastny is back on ice.
7:20 of 1st period - Penalty to Marco Scandella is over, Marco Scandella is back on ice.
7:25 of 1st period - Garnet Exelby is hit by Matt Generous and loses puck.
8:09 of 1st period - Nick Palmieri is hit by Luke Adam and loses puck.
8:17 of 1st period - Icing by Marco Scandella.
8:18 of 1st period - Joe Colborne wins face-off versus Andrei Loktionov in Knights zone.
8:18 of 1st period - Joe Colborne is hit by T.J. Fast.
8:30 of 1st period - Wrist shot by Andrei Loktionov.
8:30 of 1st period - Deflect By Marco Scandella.
8:30 of 1st period - Shot Misses the Net.
8:30 of 1st period - Puck is out of play.
8:31 of 1st period - Zack Hamill wins face-off versus Yan Stastny in Knights zone.
9:05 of 1st period - Slapshot by Andrei Loktionov.
9:05 of 1st period - Shot Blocked by Sheldon Brookbank.
9:07 of 1st period - Slapshot by Greg Zanon.
9:07 of 1st period - Shot Blocked by Niklas Hjalmarsson.
9:09 of 1st period - Slapshot by Tyler Cuma.
9:09 of 1st period - Stopped by Jonas Gustavsson without a rebound.
9:10 of 1st period - Peter Mueller wins face-off versus Yan Stastny in Knights zone.
9:17 of 1st period - Wrist shot by Chris Thorburn.
9:17 of 1st period - Stopped by Erik Ersberg without a rebound.
9:18 of 1st period - Peter Mueller wins face-off versus Yan Stastny in Staline zone.
9:21 of 1st period - Snap shot by Chris Thorburn.
9:21 of 1st period - Shot Misses the Net.
9:34 of 1st period - Snap shot by Yan Stastny.
9:34 of 1st period - Stopped by Jonas Gustavsson with a rebound.
10:33 of 1st period - Wrist shot by Robert Dome.
10:33 of 1st period - Stopped by Jonas Gustavsson without a rebound.
10:34 of 1st period - Nathan Gerbe wins face-off versus Andrei Loktionov in Knights zone.
10:59 of 1st period - Sheldon Brookbank is hit by Damien Brunner and loses puck.
11:24 of 1st period - Greg Zanon is hit by Sheldon Brookbank and loses puck.
11:52 of 1st period - Slapshot by Nikita Nikitin.
11:52 of 1st period - Shot Blocked by Brandon Prust.
12:26 of 1st period - Snap shot by Joe Colborne.
12:26 of 1st period - Stopped by Erik Ersberg with a rebound.
12:30 of 1st period - Snap shot by Joe Colborne.
12:30 of 1st period - Shot Blocked by Maxime Fortunus.
12:32 of 1st period - Slapshot by Marco Scandella.
12:32 of 1st period - Stopped by Erik Ersberg with a rebound.
12:34 of 1st period - Slapshot by Colton Gillies.
12:34 of 1st period - Stopped by Erik Ersberg with a rebound.
12:42 of 1st period - Wrist shot by Joe Colborne.
12:42 of 1st period - Stopped by Erik Ersberg without a rebound.
12:43 of 1st period - Yan Stastny wins face-off versus Nathan Gerbe in Staline zone.
12:49 of 1st period - Off-side.
12:50 of 1st period - Nathan Gerbe wins face-off versus Yan Stastny in neutral zone.
12:59 of 1st period - Kyle Greentree is hit by Devin Setoguchi and loses puck.
13:24 of 1st period - Wrist shot by J.T. Wyman.
13:24 of 1st period - Stopped by Jonas Gustavsson without a rebound.
13:25 of 1st period - Yan Stastny wins face-off versus Peter Mueller in Knights zone.
13:38 of 1st period - Minor Penalty to Marco Scandella for Slashing.
13:39 of 1st period - Yan Stastny wins face-off versus Nathan Gerbe in Knights zone.
13:48 of 1st period - Slapshot by Yan Stastny.
13:48 of 1st period - Stopped by Jonas Gustavsson with a rebound.
13:50 of 1st period - Wrist shot by Robert Dome.
13:50 of 1st period - Shot Misses the Net.
13:52 of 1st period - Slapshot by Damien Brunner.
13:52 of 1st period - Shot Misses the Net.
13:54 of 1st period - Slapshot by Tyler Cuma.
13:54 of 1st period - Deflect By Nathan Gerbe.
13:54 of 1st period - Stopped by Jonas Gustavsson without a rebound.
13:55 of 1st period - Nathan Gerbe wins face-off versus Yan Stastny in Knights zone.
14:02 of 1st period - Slapshot by Sheldon Brookbank.
14:02 of 1st period - Shot Blocked by Tyler Cuma.
14:18 of 1st period - Eric Fehr is hit by Devin Setoguchi and loses puck.
14:43 of 1st period - Mats Zuccarello is hit by Joffrey Lupul and loses puck.
15:38 of 1st period - Penalty to Marco Scandella is over, Marco Scandella is back on ice.
15:53 of 1st period - Slapshot by Zack Hamill.
15:53 of 1st period - Goal by Zack Hamill - Knights : 1 - Staline : 2.
15:54 of 1st period - Andrei Loktionov wins face-off versus Nathan Gerbe in neutral zone.
16:32 of 1st period - Yan Stastny is hit by Mats Zuccarello.
16:44 of 1st period - Greg Zanon is hit by A.J. Jenks and loses puck.
17:22 of 1st period - Minor Penalty to J.T. Wyman for Tripping.
17:22 of 1st period - Minor Penalty to Joe Colborne for Slashing.
17:23 of 1st period - Nathan Gerbe wins face-off versus Yan Stastny in Staline zone.
17:43 of 1st period - Eric Fehr is hit by Joffrey Lupul and loses puck.
18:34 of 1st period - Icing by Matt Generous.
18:35 of 1st period - Damien Brunner wins face-off versus Peter Mueller in Staline zone.
19:05 of 1st period - Off-side.
19:06 of 1st period - Nathan Gerbe wins face-off versus Yan Stastny in neutral zone.
19:22 of 1st period - Penalty to J.T. Wyman is over, J.T. Wyman is back on ice.
19:22 of 1st period - Penalty to Joe Colborne is over, Joe Colborne is back on ice.
19:39 of 1st period - Wrist shot by Mats Zuccarello.
19:39 of 1st period - Stopped by Erik Ersberg without a rebound.
19:40 of 1st period - Nathan Gerbe wins face-off versus Damien Brunner in Staline zone.
19:45 of 1st period - Wrist shot by Kyle Greentree.
19:45 of 1st period - Shot Blocked by Matt Generous.
19:47 of 1st period - Slapshot by Kyle Greentree.
19:47 of 1st period - Stopped by Erik Ersberg with a rebound.
19:49 of 1st period - Wrist shot by Eric Fehr.
19:49 of 1st period - Shot Misses the Net.
19:51 of 1st period - Snap shot by Eric Fehr.
19:51 of 1st period - Deflect By Kyle Greentree.
19:51 of 1st period - Shot Misses the Net.
19:51 of 1st period - Puck is out of play.
19:52 of 1st period - Yan Stastny wins face-off versus Nathan Gerbe in Staline zone.
19:52 of 1st period - Yan Stastny is hit by Eric Fehr.
19:57 of 1st period - Off-side.
19:58 of 1st period - Nathan Gerbe wins face-off versus Yan Stastny in neutral zone.
2nd period
0:01 of 2nd period - Nathan Gerbe wins face-off versus Yan Stastny in neutral zone.
0:08 of 2nd period - Snap shot by Eric Fehr.
0:08 of 2nd period - Stopped by Erik Ersberg without a rebound.
0:09 of 2nd period - Nathan Gerbe wins face-off versus Yan Stastny in Staline zone.
0:16 of 2nd period - Slapshot by Eric Fehr.
0:16 of 2nd period - Shot Misses the Net.
0:26 of 2nd period - Snap shot by Robert Dome.
0:26 of 2nd period - Stopped by Jonas Gustavsson with a rebound.
0:28 of 2nd period - Wrist shot by Greg Zanon.
0:28 of 2nd period - Stopped by Jonas Gustavsson with a rebound.
0:30 of 2nd period - Backhand shot by Devin Setoguchi.
0:30 of 2nd period - Shot Blocked by Sheldon Brookbank.
0:32 of 2nd period - Slapshot by Tyler Cuma.
0:32 of 2nd period - Stopped by Jonas Gustavsson with a rebound.
0:34 of 2nd period - Slapshot by Tyler Cuma.
0:34 of 2nd period - Stopped by Jonas Gustavsson with a rebound.
0:44 of 2nd period - Snap shot by Robert Dome.
0:44 of 2nd period - Shot Blocked by Sheldon Brookbank.
0:46 of 2nd period - Backhand shot by Yan Stastny.
0:46 of 2nd period - Goal by Yan Stastny - Knights : 1 - Staline : 3.
0:47 of 2nd period - Andrei Loktionov wins face-off versus Peter Mueller in neutral zone.
1:14 of 2nd period - Yan Stastny is hit by Nathan Gerbe.
2:07 of 2nd period - Wrist shot by Cam Janssen.
2:07 of 2nd period - Shot Misses the Net.
2:39 of 2nd period - Slapshot by Devin Setoguchi.
2:39 of 2nd period - Deflect By Robert Dome.
2:39 of 2nd period - Stopped by Jonas Gustavsson without a rebound.
2:40 of 2nd period - Yan Stastny wins face-off versus Nathan Gerbe in Knights zone.
3:02 of 2nd period - Minor Penalty to Theo Peckham for Hooking.
3:03 of 2nd period - Nathan Gerbe wins face-off versus Luke Adam in Staline zone.
3:12 of 2nd period - Slapshot by Nathan Gerbe.
3:12 of 2nd period - Shot Misses the Net.
3:14 of 2nd period - Snap shot by Nathan Gerbe.
3:14 of 2nd period - Shot Misses the Net.
3:16 of 2nd period - Wrist shot by Kyle Greentree.
3:16 of 2nd period - Shot Blocked by Tyler Cuma.
3:18 of 2nd period - Snap shot by Kyle Greentree.
3:18 of 2nd period - Goal by Kyle Greentree - Knights : 2 - Staline : 3.
3:19 of 2nd period - Nathan Gerbe wins face-off versus Andrei Loktionov in neutral zone.
3:22 of 2nd period - Snap shot by Sheldon Brookbank.
3:22 of 2nd period - Shot Blocked by J.T. Wyman.
3:55 of 2nd period - Slapshot by Mats Zuccarello.
3:55 of 2nd period - Goal by Mats Zuccarello - Knights : 3 - Staline : 3.
3:56 of 2nd period - Andrei Loktionov wins face-off versus Nathan Gerbe in neutral zone.
4:42 of 2nd period - Slapshot by Eric Fehr.
4:42 of 2nd period - Stopped by Erik Ersberg with a rebound.
4:44 of 2nd period - Slapshot by Garnet Exelby.
4:44 of 2nd period - Stopped by Erik Ersberg with a rebound.
4:46 of 2nd period - Wrist shot by Nathan Gerbe.
4:46 of 2nd period - Deflect By Kyle Greentree.
4:46 of 2nd period - Stopped by Erik Ersberg with a rebound.
4:48 of 2nd period - Snap shot by Eric Fehr.
4:48 of 2nd period - Stopped by Erik Ersberg without a rebound.
4:49 of 2nd period - Yan Stastny wins face-off versus Peter Mueller in Staline zone.
5:38 of 2nd period - Snap shot by Cam Janssen.
5:38 of 2nd period - Shot Misses the Net.
5:40 of 2nd period - Wrist shot by Tyler Cuma.
5:40 of 2nd period - Shot Blocked by Joe Colborne.
6:08 of 2nd period - Peter Mueller is hit by Matt Generous and loses puck.
6:26 of 2nd period - Slapshot by Yan Stastny.
6:26 of 2nd period - Stopped by Jonas Gustavsson without a rebound.
6:27 of 2nd period - Nathan Gerbe wins face-off versus Andrei Loktionov in Knights zone.
6:43 of 2nd period - Snap shot by Joffrey Lupul.
6:43 of 2nd period - Stopped by Jonas Gustavsson with a rebound.
6:56 of 2nd period - Devin Setoguchi is hit by Mats Zuccarello and loses puck.
7:01 of 2nd period - Snap shot by Chris Thorburn.
7:01 of 2nd period - Shot Blocked by Yan Stastny.
7:03 of 2nd period - Snap shot by Mats Zuccarello.
7:03 of 2nd period - Shot Misses the Net.
7:05 of 2nd period - Snap shot by Sheldon Brookbank.
7:05 of 2nd period - Deflect By Mats Zuccarello.
7:05 of 2nd period - Shot Misses the Net.
7:05 of 2nd period - Puck is out of play.
7:06 of 2nd period - Zack Hamill wins face-off versus Andrei Loktionov in Staline zone.
7:07 of 2nd period - Slapshot by Garnet Exelby.
7:07 of 2nd period - Shot Blocked by Joffrey Lupul.
7:17 of 2nd period - Maxime Fortunus is hit by Nick Palmieri and loses puck.
7:32 of 2nd period - J.T. Wyman is hit by Marco Scandella and loses puck.
7:51 of 2nd period - Snap shot by Andrei Loktionov.
7:51 of 2nd period - Goal by Andrei Loktionov - Knights : 3 - Staline : 4.
7:52 of 2nd period - Yan Stastny wins face-off versus Nathan Gerbe in neutral zone.
8:21 of 2nd period - Wrist shot by Mats Zuccarello.
8:21 of 2nd period - Stopped by Erik Ersberg without a rebound.
8:22 of 2nd period - Mats Zuccarello wins face-off versus Andrei Loktionov in Staline zone.
8:31 of 2nd period - Wrist shot by Mats Zuccarello.
8:31 of 2nd period - Shot Misses the Net.
8:33 of 2nd period - Slapshot by Marco Scandella.
8:33 of 2nd period - Stopped by Erik Ersberg with a rebound.
8:35 of 2nd period - Wrist shot by Mats Zuccarello.
8:35 of 2nd period - Shot Blocked by Joffrey Lupul.
8:37 of 2nd period - Slapshot by Marco Scandella.
8:37 of 2nd period - Shot Blocked by Greg Zanon.
9:10 of 2nd period - Snap shot by Damien Brunner.
9:10 of 2nd period - Shot Misses the Net.
9:11 of 2nd period - Minor Penalty to Sheldon Brookbank for Holding.
9:12 of 2nd period - Yan Stastny wins face-off versus Nathan Gerbe in Knights zone.
9:19 of 2nd period - Snap shot by Yan Stastny.
9:19 of 2nd period - Stopped by Jonas Gustavsson with a rebound.
11:11 of 2nd period - Penalty to Sheldon Brookbank is over, Sheldon Brookbank is back on ice.
11:21 of 2nd period - Eric Fehr is hit by Greg Zanon and loses puck.
11:28 of 2nd period - Slapshot by Eric Fehr.
11:28 of 2nd period - Deflect By Greg Zanon.
11:28 of 2nd period - Shot Blocked by Tyler Cuma.
11:28 of 2nd period - Puck is out of play.
11:29 of 2nd period - Zac Rinaldo wins face-off versus Zack Hamill in Staline zone.
11:31 of 2nd period - Icing by T.J. Fast.
11:32 of 2nd period - Zac Rinaldo wins face-off versus Zack Hamill in Staline zone.
12:01 of 2nd period - Snap shot by Robert Dome.
12:01 of 2nd period - Goal by Robert Dome - Knights : 3 - Staline : 5.
12:01 of 2nd period - Dany Sabourin enters game.
12:02 of 2nd period - Nathan Gerbe wins face-off versus Yan Stastny in neutral zone.
12:27 of 2nd period - Mats Zuccarello is hit by Andrei Loktionov and loses puck.
12:34 of 2nd period - Backhand shot by Zbynek Michalek.
12:34 of 2nd period - Shot Misses the Net.
12:36 of 2nd period - Slapshot by Marco Scandella.
12:36 of 2nd period - Shot Blocked by Andrei Loktionov.
12:54 of 2nd period - Snap shot by Damien Brunner.
12:54 of 2nd period - Stopped by Dany Sabourin without a rebound.
12:55 of 2nd period - Nathan Gerbe wins face-off versus Yan Stastny in Knights zone.
12:55 of 2nd period - Nathan Gerbe is hit by Greg Zanon.
13:20 of 2nd period - Mats Zuccarello is hit by Andrei Loktionov.
13:30 of 2nd period - Wrist shot by Chris Thorburn.
13:30 of 2nd period - Goal by Chris Thorburn - Knights : 4 - Staline : 5.
13:31 of 2nd period - Nathan Gerbe wins face-off versus Yan Stastny in neutral zone.
14:02 of 2nd period - Snap shot by Chris Thorburn.
14:02 of 2nd period - Shot Blocked by Joffrey Lupul.
14:04 of 2nd period - Slapshot by Zbynek Michalek.
14:04 of 2nd period - Stopped by Erik Ersberg without a rebound.
14:05 of 2nd period - Nathan Gerbe wins face-off versus Luke Adam in Staline zone.
14:25 of 2nd period - Minor Penalty to Peter Mueller for Tripping.
14:26 of 2nd period - Nathan Gerbe wins face-off versus Yan Stastny in Knights zone.
14:35 of 2nd period - Wrist shot by Yan Stastny.
14:35 of 2nd period - Stopped by Dany Sabourin with a rebound.
14:41 of 2nd period - Wrist shot by Robert Dome.
14:41 of 2nd period - Stopped by Dany Sabourin with a rebound.
14:51 of 2nd period - Zbynek Michalek is hit by Andrei Loktionov and loses puck.
16:25 of 2nd period - Penalty to Peter Mueller is over, Peter Mueller is back on ice.
16:38 of 2nd period - Kyle Greentree is hit by T.J. Fast and loses puck.
16:49 of 2nd period - Slapshot by Nikita Nikitin.
16:49 of 2nd period - Stopped by Erik Ersberg with a rebound.
17:03 of 2nd period - J.T. Wyman is hit by Chris Thorburn and loses puck.
17:25 of 2nd period - Zack Hamill is hit by Zac Rinaldo and loses puck.
18:24 of 2nd period - Snap shot by Eric Fehr.
18:24 of 2nd period - Shot Blocked by Matt Generous.
18:42 of 2nd period - Damien Brunner is hit by Joe Colborne and loses puck.
18:57 of 2nd period - Sheldon Brookbank is hit by Devin Setoguchi.
19:07 of 2nd period - Garnet Exelby is hit by Andrei Loktionov and loses puck.
19:17 of 2nd period - Icing by Garnet Exelby.
19:18 of 2nd period - Zac Rinaldo wins face-off versus Peter Mueller in Knights zone.
19:53 of 2nd period - Slapshot by Zack Hamill.
19:53 of 2nd period - Deflect By Nick Palmieri.
19:53 of 2nd period - Shot Hit the Post.
19:53 of 2nd period - Puck is out of play.
19:54 of 2nd period - Nathan Gerbe wins face-off versus Yan Stastny in Staline zone.
3rd period
0:01 of 3rd period - Nathan Gerbe wins face-off versus Robert Dome in neutral zone.
0:03 of 3rd period - Zbynek Michalek is hit by Yan Stastny and loses puck.
0:14 of 3rd period - Snap shot by Eric Fehr.
0:14 of 3rd period - Deflect By Greg Zanon.
0:14 of 3rd period - Shot Misses the Net.
0:14 of 3rd period - Puck is out of play.
0:15 of 3rd period - Peter Mueller wins face-off versus Andrei Loktionov in Staline zone.
1:24 of 3rd period - Minor Penalty to Joe Colborne for Hooking.
1:25 of 3rd period - Robert Dome wins face-off versus Nathan Gerbe in Knights zone.
1:36 of 3rd period - Slapshot by Damien Brunner.
1:36 of 3rd period - Stopped by Dany Sabourin without a rebound.
1:37 of 3rd period - Yan Stastny wins face-off versus Nathan Gerbe in Knights zone.
1:38 of 3rd period - Snap shot by Damien Brunner.
1:38 of 3rd period - Goal by Damien Brunner - Knights : 4 - Staline : 6.
1:39 of 3rd period - Yan Stastny wins face-off versus Nathan Gerbe in neutral zone.
2:11 of 3rd period - Wrist shot by Mats Zuccarello.
2:11 of 3rd period - Shot Misses the Net.
2:26 of 3rd period - Minor Penalty to Marco Scandella for Holding.
2:27 of 3rd period - Yan Stastny wins face-off versus Nathan Gerbe in Knights zone.
3:03 of 3rd period - Snap shot by Devin Setoguchi.
3:03 of 3rd period - Stopped by Dany Sabourin with a rebound.
3:16 of 3rd period - Minor Penalty to Sheldon Brookbank for Tripping.
3:17 of 3rd period - Yan Stastny wins face-off versus Eric Fehr in Knights zone.
4:10 of 3rd period - Garnet Exelby is hit by Devin Setoguchi and loses puck.
4:26 of 3rd period - Penalty to Marco Scandella is over, Marco Scandella is back on ice.
5:16 of 3rd period - Penalty to Sheldon Brookbank is over, Sheldon Brookbank is back on ice.
5:22 of 3rd period - Garnet Exelby is hit by Matt Generous and loses puck.
5:53 of 3rd period - Garnet Exelby is hit by Brandon Prust and loses puck.
6:41 of 3rd period - Wrist shot by Zack Hamill.
6:41 of 3rd period - Deflect By Nick Palmieri.
6:41 of 3rd period - Stopped by Erik Ersberg with a rebound.
6:55 of 3rd period - Slapshot by Niklas Hjalmarsson.
6:55 of 3rd period - Stopped by Erik Ersberg without a rebound.
6:56 of 3rd period - Zac Rinaldo wins face-off versus Joe Colborne in Staline zone.
7:07 of 3rd period - Sheldon Brookbank is hit by Cam Janssen and loses puck.
7:49 of 3rd period - A.J. Jenks is hit by Brandon Prust.
7:55 of 3rd period - Damien Brunner is hit by Zbynek Michalek and loses puck.
8:05 of 3rd period - Minor Penalty to Theo Peckham for Tripping.
8:05 of 3rd period - Minor Penalty to Sheldon Brookbank for Hooking.
8:06 of 3rd period - Nathan Gerbe wins face-off versus Joffrey Lupul in Staline zone.
8:15 of 3rd period - Snap shot by Nathan Gerbe.
8:15 of 3rd period - Shot Blocked by Joffrey Lupul.
8:17 of 3rd period - Wrist shot by Eric Fehr.
8:17 of 3rd period - Stopped by Erik Ersberg with a rebound.
8:19 of 3rd period - Slapshot by Niklas Hjalmarsson.
8:19 of 3rd period - Shot Misses the Net.
8:21 of 3rd period - Wrist shot by Nathan Gerbe.
8:21 of 3rd period - Stopped by Erik Ersberg without a rebound.
8:22 of 3rd period - Nathan Gerbe wins face-off versus Yan Stastny in Staline zone.
8:42 of 3rd period - Icing by Greg Zanon.
8:43 of 3rd period - Nathan Gerbe wins face-off versus Yan Stastny in Staline zone.
8:46 of 3rd period - Wrist shot by Nathan Gerbe.
8:46 of 3rd period - Stopped by Erik Ersberg with a rebound.
9:07 of 3rd period - Off-side.
9:08 of 3rd period - Andrei Loktionov wins face-off versus Peter Mueller in neutral zone.
9:54 of 3rd period - Wrist shot by Peter Mueller.
9:54 of 3rd period - Shot Blocked by Andrei Loktionov.
10:05 of 3rd period - Penalty to Theo Peckham is over, Theo Peckham is back on ice.
10:05 of 3rd period - Penalty to Sheldon Brookbank is over, Sheldon Brookbank is back on ice.
10:06 of 3rd period - Wrist shot by Sheldon Brookbank.
10:06 of 3rd period - Shot Misses the Net.
10:30 of 3rd period - Wrist shot by Devin Setoguchi.
10:30 of 3rd period - Shot Misses the Net.
10:32 of 3rd period - Snap shot by Devin Setoguchi.
10:32 of 3rd period - Deflect By Andrei Loktionov.
10:32 of 3rd period - Shot Misses the Net.
10:32 of 3rd period - Puck is out of play.
10:33 of 3rd period - Kyle Greentree wins face-off versus Brandon Prust in Knights zone.
11:01 of 3rd period - Minor Penalty to Marco Scandella for Hooking.
11:02 of 3rd period - Nathan Gerbe wins face-off versus Yan Stastny in Knights zone.
13:01 of 3rd period - Penalty to Marco Scandella is over, Marco Scandella is back on ice.
13:30 of 3rd period - Wrist shot by Brandon Prust.
13:30 of 3rd period - Shot Misses the Net.
13:46 of 3rd period - Slapshot by Nikita Nikitin.
13:46 of 3rd period - Stopped by Erik Ersberg with a rebound.
13:48 of 3rd period - Snap shot by Peter Mueller.
13:48 of 3rd period - Shot Misses the Net.
13:50 of 3rd period - Slapshot by Nikita Nikitin.
13:50 of 3rd period - Stopped by Erik Ersberg without a rebound.
13:51 of 3rd period - Peter Mueller wins face-off versus Yan Stastny in Staline zone.
14:00 of 3rd period - Wrist shot by Mats Zuccarello.
14:00 of 3rd period - Shot Blocked by Yan Stastny.
14:02 of 3rd period - Snap shot by Zbynek Michalek.
14:02 of 3rd period - Stopped by Erik Ersberg without a rebound.
14:03 of 3rd period - Andrei Loktionov wins face-off versus Nathan Gerbe in Staline zone.
14:06 of 3rd period - Backhand shot by Eric Fehr.
14:06 of 3rd period - Goal by Eric Fehr - Knights : 5 - Staline : 6.
14:07 of 3rd period - Yan Stastny wins face-off versus Nathan Gerbe in neutral zone.
14:20 of 3rd period - Slapshot by Yan Stastny.
14:20 of 3rd period - Deflect By Robert Dome.
14:20 of 3rd period - Shot Misses the Net.
14:20 of 3rd period - Puck is out of play.
14:21 of 3rd period - Yan Stastny wins face-off versus Nathan Gerbe in Knights zone.
14:26 of 3rd period - Wrist shot by Devin Setoguchi.
14:26 of 3rd period - Goal by Devin Setoguchi - Knights : 5 - Staline : 7.
14:27 of 3rd period - Nathan Gerbe wins face-off versus Yan Stastny in neutral zone.
14:30 of 3rd period - Eric Fehr is hit by Yan Stastny and loses puck.
14:45 of 3rd period - Nathan Gerbe is hit by Tyler Cuma and loses puck.
15:45 of 3rd period - Wrist shot by Andrei Loktionov.
15:45 of 3rd period - Shot Misses the Net.
15:47 of 3rd period - Slapshot by Greg Zanon.
15:47 of 3rd period - Deflect By Sheldon Brookbank.
15:47 of 3rd period - Stopped by Dany Sabourin with a rebound.
15:49 of 3rd period - Snap shot by Greg Zanon.
15:49 of 3rd period - Deflect By Andrei Loktionov.
15:49 of 3rd period - Shot Blocked by Zbynek Michalek.
15:49 of 3rd period - Puck is out of play.
15:50 of 3rd period - Luke Adam wins face-off versus Nathan Gerbe in Knights zone.
16:24 of 3rd period - Wrist shot by Zack Hamill.
16:24 of 3rd period - Shot Blocked by Maxime Fortunus.
16:38 of 3rd period - Wrist shot by Cam Janssen.
16:38 of 3rd period - Shot Misses the Net.
16:40 of 3rd period - Slapshot by T.J. Fast.
16:40 of 3rd period - Shot Blocked by Peter Mueller.
16:42 of 3rd period - Snap shot by Cam Janssen.
16:42 of 3rd period - Shot Misses the Net.
16:44 of 3rd period - Wrist shot by Zac Rinaldo.
16:44 of 3rd period - Goal by Zac Rinaldo - Knights : 5 - Staline : 8.
16:45 of 3rd period - Nathan Gerbe wins face-off versus Robert Dome in neutral zone.
16:48 of 3rd period - Snap shot by Nathan Gerbe.
16:48 of 3rd period - Stopped by Erik Ersberg without a rebound.
16:49 of 3rd period - Nathan Gerbe wins face-off versus Devin Setoguchi in Staline zone.
16:52 of 3rd period - Slapshot by Nathan Gerbe.
16:52 of 3rd period - Shot Misses the Net.
17:24 of 3rd period - Snap shot by Joffrey Lupul.
17:24 of 3rd period - Shot Misses the Net.
18:06 of 3rd period - Slapshot by Yan Stastny.
18:06 of 3rd period - Stopped by Dany Sabourin without a rebound.
18:07 of 3rd period - Andrei Loktionov wins face-off versus Peter Mueller in Knights zone.
18:32 of 3rd period - Zbynek Michalek is hit by T.J. Fast and loses puck.
18:57 of 3rd period - Wrist shot by Damien Brunner.
18:57 of 3rd period - Shot Misses the Net.
18:59 of 3rd period - Slapshot by Damien Brunner.
18:59 of 3rd period - Deflect By Brandon Prust.
18:59 of 3rd period - Shot Misses the Net.
18:59 of 3rd period - Puck is out of play.
19:00 of 3rd period - Peter Mueller wins face-off versus Andrei Loktionov in Knights zone.
19:16 of 3rd period - Slapshot by Sheldon Brookbank.
19:16 of 3rd period - Stopped by Erik Ersberg without a rebound.
19:17 of 3rd period - Nathan Gerbe wins face-off versus Yan Stastny in Staline zone.
19:29 of 3rd period - Icing by Yan Stastny.
19:30 of 3rd period - Robert Dome wins face-off versus Nathan Gerbe in Staline zone.
Output by the SimonT Hockey Simulator (STHS) for François Prévost -- Original Page W3C XHTML 1.0 Valid